[Event "ICC tourney 2556 (25 5)"]
[Site "Internet Chess Club"]
[Date "2021.05.09"]
[Round "8"]
[White "RODIC, ELLIOT:K05-16510635"]
[Black "WU, MATTHEW:K05-16720313"]
[Result "1-0"]
[ICCResult "Black checkmated"]
[WhiteElo "724"]
[BlackElo "951"]
[Opening "Scandinavian: Pytel-Wade variation"]
[ECO "B01"]
[NIC "SD.02"]
[Time "17:30:45"]
[PlyCount "67"]
[TimeControl "1500+5"]

1. e4 d5 2. exd5 Qxd5 3. Nc3 Qd6 4. Nf3 c6 5. Bc4 Nf6 6. d4 Bg4 7. O-O e6
8. Be3 Be7 9. h3 Bh5 10. Qd2 O-O 11. Bf4 Qb4 12. a3 Qb6 13. Ne5 Rd8 14. Ne2
Bxe2 15. Qxe2 Qxb2 16. Rfb1 Qxd4 17. Bg3 Qd2 18. Qxd2 Rxd2 19. Bd3 Bc5 20.
Nf3 Rxd3 21. cxd3 Nbd7 22. Rxb7 Bb6 23. a4 Re8 24. a5 Nc5 25. Rb8 Rxb8 26.
Bxb8 Nb3 27. axb6 Nxa1 28. bxa7 Nd7 29. a8=Q Nf8 30. Bd6 h6 31. Qxf8+ Kh7
32. Qxf7 h5 33. Be5 Kh6 34. Qxg7# { Black checkmated } 1-0

[Event "ICC tourney 2556 (25 5)"]
[Site "Internet Chess Club"]
[Date "2021.05.09"]
[Round "8"]
[White "SENTHIL, ADITYA:K05-16653164"]
[Black "RAU, AKAASH:K05-16538222"]
[Result "0-1"]
[ICCResult "White checkmated"]
[WhiteElo "1237"]
[BlackElo "912"]
[Opening "Scandinavian (center counter) defense"]
[ECO "B01"]
[NIC "VO.17"]
[Time "17:30:47"]
[PlyCount "184"]
[TimeControl "1500+5"]

1. e4 d5 2. exd5 Qxd5 3. Nf3 Bg4 4. Be2 c6 5. Nc3 Qd8 6. O-O e6 7. d3 Nf6
8. Bf4 Be7 9. h3 Bxf3 10. Bxf3 Nbd7 11. Re1 O-O 12. Ne2 Nd5 13. Bg3 N7f6
14. c4 Nc7 15. Nc3 Na6 16. a3 Nc5 17. d4 Ncd7 18. Qc2 Nb6 19. Qd3 Qd7 20.
a4 a5 21. c5 Nbd5 22. Nxd5 Nxd5 23. Bxd5 Qxd5 24. Re5 Qd7 25. Re2 Rad8 26.
Rd2 Qd5 27. Re1 Bxc5 28. Re5 Qxd4 29. Qxd4 Bxd4 30. Ree2 Bf6 31. Kh2 Rxd2
32. Rxd2 Rd8 33. Rxd8+ Bxd8 34. b3 b5 35. f3 Kf8 36. Bd6+ Be7 37. Bc7 Bb4
38. g4 Ke8 39. Be5 g6 40. Bf6 Kd7 41. h4 bxa4 42. bxa4 c5 43. Bb2 Kc6 44.
Bc1 Kd5 45. Kg3 Kc4 46. Kf4 Kd5 47. Kg5 c4 48. Kf6 Bc3+ 49. Kxf7 Kc5 50.
Ba3+ Bb4 51. Bc1 Bc3 52. Ba3+ Kd4 53. Bc1 Kd3 54. Kxe6 Ke2 55. f4 Kf3 56.
h5 Kxg4 57. hxg6 hxg6 58. Kf7 Kf5 59. Ke7 Bb4+ 60. Kd7 c3 61. Kc6 Ke4 62.
Kb5 Kd3 63. Kc6 Kc2 64. Be3 Kb1 65. Kb5 c2 66. Kc4 c1=Q+ 67. Bxc1 Kxc1 68.
Kd4 Kb2 69. Kc4 Ka3 70. Kb5 Kb3 71. f5 gxf5 72. Kc6 f4 73. Kd5 f3 74. Kc6
Bc5 75. Kxc5 f2 76. Kd5 f1=Q 77. Ke4 Qd1 78. Ke3 Kc4 79. Ke4 Qd2 80. Ke5
Qd4+ 81. Ke6 Kb4 82. Kf5 Qe3 83. Kf6 Qe4 84. Kf7 Qe5 85. Kg6 Qf4 86. Kg7
Qf5 87. Kh8 Qg5 88. Kh7 Kc5 89. Kh8 Kd6 90. Kh7 Ke6 91. Kh8 Kf7 92. Kh7
Qg7# { White checkmated } 0-1

[Event "ICC tourney 2556 (25 5)"]
[Site "Internet Chess Club"]
[Date "2021.05.09"]
[Round "8"]
[White "WILLY, STEPHEN:K05-17088783"]
[Black "PETUKHOV, ARTHUR:K05-16615802"]
[Result "1/2-1/2"]
[ICCResult "Game drawn by repetition"]
[WhiteElo "1643"]
[BlackElo "1287"]
[Opening "Giuoco Pianissimo"]
[ECO "C55"]
[NIC "IG.01"]
[Time "17:30:23"]
[PlyCount "114"]
[TimeControl "1500+5"]

1. e4 e5 2. Nf3 Nc6 3. Bc4 Nf6 4. d3 Bc5 5. O-O h6 6. c3 d6 7. h3 O-O 8. b4
Bb6 9. a4 a5 10. b5 Ne7 11. Be3 c6 12. Nbd2 Qc7 13. Rb1 Bxe3 14. fxe3 d5
15. b6 Qd6 16. Ba2 dxe4 17. Nxe4 Nxe4 18. dxe4 Qc5 19. Qc1 Qd6 20. Qc2 Be6
21. Bxe6 Qxe6 22. c4 Rad8 23. Qc3 Ng6 24. Qxa5 Qxc4 25. Nxe5 Qxe4 26. Nxg6
Qxe3+ 27. Kh1 fxg6 28. Qa7 Qe7 29. Rxf8+ Rxf8 30. a5 Qe2 31. Qxb7 Rf1+ 32.
Rxf1 Qxf1+ 33. Kh2 Qf4+ 34. Kg1 Qc1+ 35. Kf2 Qf4+ 36. Ke2 Qe4+ 37. Kd2 Qd4+
38. Kc2 Qc4+ 39. Kb1 Qb3+ 40. Kc1 Qc3+ 41. Kd1 Qd3+ 42. Ke1 Qe3+ 43. Kf1
Qf4+ 44. Ke2 Qe4+ 45. Kf2 Qf4+ 46. Ke1 Qe3+ 47. Kf1 Qc1+ 48. Ke2 Qb2+ 49.
Kd3 Qb3+ 50. Kd4 Qd5+ 51. Ke3 Qe5+ 52. Kf3 Qf5+ 53. Kg3 Qg5+ 54. Kh2 Qf4+
55. Kg1 Qc1+ 56. Kf2 Qf4+ 57. Ke1 Qe3+ { Game drawn by repetition } 1/2-1/2

[Event "ICC tourney 2556 (25 5)"]
[Site "Internet Chess Club"]
[Date "2021.05.09"]
[Round "8"]
[White "STEPHEN CAMERON, KYLE:K05-16158046"]
[Black "NIMMAGADDA, SIDDHARTH:K05-16320710"]
[Result "0-1"]
[ICCResult "White resigns"]
[WhiteElo "1144"]
[BlackElo "644"]
[Opening "Giuoco Pianissimo: Italian four knights variation"]
[ECO "C24"]
[NIC "IG.04"]
[Time "17:31:17"]
[PlyCount "72"]
[TimeControl "1500+5"]

1. e4 e5 2. Bc4 Nf6 3. d3 Bc5 4. Nc3 Nc6 5. Nf3 d6 6. Be3 O-O 7. Bxc5 dxc5
8. Qd2 Bg4 9. O-O-O Nd4 10. Nxd4 cxd4 11. Ne2 a6 12. f3 Be6 13. Bxe6 fxe6
14. h4 h6 15. g4 Nd7 16. g5 h5 17. f4 b5 18. Rhf1 c5 19. Ng3 g6 20. f5 exf5
21. exf5 Kh7 22. Qe2 Kg7 23. fxg6 Rxf1 24. Rxf1 Qh8 25. Nxh5+ Kxg6 26. Ng3
Qxh4 27. Ne4 Rf8 28. Rg1 c4 29. a3 cxd3 30. Qxd3 Kg7 31. g6 Qf4+ 32. Kb1
Qe3 33. Qxe3 dxe3 34. Nc3 Nc5 35. Nd5 e2 36. Ne7 Rf1+ { White resigns } 0-1

[Event "ICC tourney 2556 (25 5)"]
[Site "Internet Chess Club"]
[Date "2021.05.09"]
[Round "8"]
[White "SARANGI, SHREYAN:K05-17058212"]
[Black "CHEN, JOCELYN:K05-15671677"]
[Result "0-1"]
[ICCResult "White resigns"]
[WhiteElo "1359"]
[BlackElo "1775"]
[Opening "Sicilian: Najdorf, 6.Bg5"]
[ECO "B94"]
[NIC "SI.04"]
[Time "17:30:34"]
[PlyCount "86"]
[TimeControl "1500+5"]

1. e4 c5 2. Nf3 d6 3. d4 cxd4 4. Nxd4 Nf6 5. Nc3 a6 6. Bg5 Nbd7 7. Bc4 e6
8. f4 b5 9. Bb3 b4 10. Nce2 Bb7 11. Ng3 Be7 12. Bxe6 fxe6 13. Nxe6 Qa5 14.
Nxg7+ Kf7 15. N7f5 Bxe4 16. Nxe4 Qxf5 17. Nxd6+ Bxd6 18. Qxd6 Qxc2 19. O-O
Qc5+ 20. Qxc5 Nxc5 21. Rac1 Nce4 22. Rc7+ Kg6 23. h4 h6 24. f5+ Kh5 25.
Bxf6 Nxf6 26. Rf7 Ng4 27. g3 Rac8 28. Rg7 Rhd8 29. f6 Ne3 30. Rf4 Rc2 31.
g4+ Nxg4 32. Rf1 Rxb2 33. f7 Kxh4 34. f8=Q Rxf8 35. Rxf8 Kg3 36. Rf1 Rg2+
37. Kh1 Rh2+ 38. Kg1 Rxa2 39. Rgf7 Rg2+ 40. Kh1 Nf2+ 41. R1xf2 Rxf2 42.
Rg7+ Kh3 43. Rg2 Rf1+ { White resigns } 0-1

[Event "ICC tourney 2556 (25 5)"]
[Site "Internet Chess Club"]
[Date "2021.05.09"]
[Round "8"]
[White "PELES, ADAM:K05-15981861"]
[Black "KOUSTUBH NAMILAE, ANANTH:K05-16701177"]
[Result "1-0"]
[ICCResult "Black checkmated"]
[WhiteElo "1011"]
[BlackElo "613"]
[Opening "Giuoco Piano"]
[ECO "C54"]
[NIC "IG.02"]
[Time "17:30:21"]
[PlyCount "115"]
[TimeControl "1500+5"]

1. e4 e5 2. Nf3 Nc6 3. Bc4 Bc5 4. c3 Nf6 5. d4 exd4 6. cxd4 Bb6 7. d5 Ne7
8. Nc3 O-O 9. O-O d6 10. h3 h6 11. Re1 Bd7 12. Nd4 Ng6 13. Nf5 Bxf5 14.
exf5 Ne7 15. Qf3 c6 16. dxc6 bxc6 17. Qg3 Nxf5 18. Qg6 Ne7 19. Qg3 d5 20.
Bd3 c5 21. Bxh6 Ng6 22. Bg5 Bc7 23. Qf3 Ne5 24. Qf5 Ng6 25. Ne2 Re8 26. Ng3
c4 27. Bc2 Rxe1+ 28. Rxe1 Rb8 29. Nh5 Qd6 30. Nxf6+ gxf6 31. Bd2 Qh2+ 32.
Kf1 Qh1+ 33. Ke2 Re8+ 34. Kd1 Rxe1+ 35. Bxe1 Nf4 36. Qc8+ Kg7 37. Qxc7 Nxg2
38. Qg3+ Kf8 39. f4 d4 40. Be4 Ne3+ 41. Qxe3 dxe3 42. Bxh1 Ke7 43. Ke2 Ke6
44. Kxe3 Kf5 45. h4 Kg4 46. Bd5 f5 47. Bxc4 a5 48. Be2+ Kh3 49. h5 a4 50.
h6 Kg2 51. h7 Kg1 52. h8=Q Kg2 53. Qg7+ Kh3 54. Qh6+ Kg2 55. Qg5+ Kh1 56.
Qh4+ Kg2 57. Qg3+ Kh1 58. Bf3# { Black checkmated } 1-0

[Event "ICC tourney 2556 (25 5)"]
[Site "Internet Chess Club"]
[Date "2021.05.09"]
[Round "8"]
[White "CHAKKIRALA, NITIKA:K05-17289378"]
[Black "GASINSKY, JACOB:K05-16624648"]
[Result "1-0"]
[ICCResult "Black checkmated"]
[WhiteElo "219"]
[BlackElo "807"]
[Opening "Scotch game"]
[ECO "C45"]
[NIC "SO.04"]
[Time "17:31:02"]
[PlyCount "117"]
[TimeControl "1500+5"]

1. e4 e5 2. Nf3 Nc6 3. d4 exd4 4. Nxd4 Nxd4 5. Qxd4 c5 6. Qd1 Be7 7. Bf4
Nf6 8. Nc3 O-O 9. Bc4 Re8 10. O-O d6 11. h3 Be6 12. Bxe6 fxe6 13. Re1 d5
14. exd5 Nxd5 15. Nxd5 Qxd5 16. Qxd5 exd5 17. Rad1 Rad8 18. b3 Bd6 19. Bg5
Rxe1+ 20. Rxe1 Rd7 21. g3 Rf7 22. Re8+ Bf8 23. Bf4 h6 24. Bd6 b6 25. f4 g6
26. g4 Kg7 27. Bxf8+ Rxf8 28. Re7+ Kf6 29. Rxa7 Re8 30. Kf2 d4 31. Ra6 Re4
32. Kf3 Re3+ 33. Kg2 Re2+ 34. Kf3 Rxc2 35. Rxb6+ Ke7 36. Rxg6 d3 37. f5 d2
38. Ke2 Rxa2 39. Rxh6 Rb2 40. g5 Rxb3 41. f6+ Kf7 42. Kxd2 c4 43. h4 Rd3+
44. Kc2 Rh3 45. g6+ Kxf6 46. h5 Rg3 47. Kd2 Kg7 48. Rh7+ Kg8 49. Rf7 Rb3
50. h6 c3+ 51. Kd3 Ra3 52. h7+ Kh8 53. Rf8+ Kg7 54. h8=Q+ Kxg6 55. Qg8+ Kh6
56. Rf6+ Kh5 57. Qg6+ Kh4 58. Rf5 Kh3 59. Rh5# { Black checkmated } 1-0

[Event "ICC tourney 2556 (25 5)"]
[Site "Internet Chess Club"]
[Date "2021.05.09"]
[Round "8"]
[White "SUAREZ, SEBASTIAN:K05-16875347"]
[Black "SASTRY, ARUSH:K05-30017444"]
[Result "0-1"]
[ICCResult "White checkmated"]
[WhiteElo "1414"]
[BlackElo "381"]
[Opening "Sicilian: Smith-Morra gambit"]
[ECO "B21"]
[NIC "SI.47"]
[Time "17:30:18"]
[PlyCount "82"]
[TimeControl "1500+5"]

1. e4 c5 2. d4 cxd4 3. c3 Nf6 4. e5 Nd5 5. cxd4 e6 6. Nc3 d6 7. Nxd5 exd5
8. Nf3 dxe5 9. Nxe5 Bb4+ 10. Bd2 Bxd2+ 11. Qxd2 O-O 12. Be2 f6 13. Nf3 Nc6
14. O-O Bg4 15. h3 Bh5 16. g4 Bg6 17. Bd3 Be4 18. Ne1 Bxd3 19. Qxd3 f5 20.
Kg2 fxg4 21. hxg4 Qg5 22. f3 Rf4 23. Nc2 h5 24. Rh1 g6 25. Ne3 Rxd4 26. Qc3
Rb4 27. a3 Rf4 28. Qc5 Rf7 29. Rad1 Re8 30. Rhe1 Qf4 31. Kg1 hxg4 32. Ng2
Rxe1+ 33. Rxe1 Qxf3 34. Nh4 Qh3 35. Ng2 g3 36. Re8+ Kh7 37. Nf4 Qh2+ 38.
Kf1 g2+ 39. Ke2 g1=Q+ 40. Kd3 Qd1+ 41. Kc3 Qhd2# { White checkmated } 0-1

[Event "ICC tourney 2556 (25 5)"]
[Site "Internet Chess Club"]
[Date "2021.05.09"]
[Round "8"]
[White "CHANG, LUCA:K05-16081600"]
[Black "CAO, EVAN:K05-16823573"]
[Result "1-0"]
[ICCResult "Black checkmated"]
[WhiteElo "1533"]
[BlackElo "1025"]
[Opening "QGD: exchange, positional line"]
[ECO "D35"]
[NIC "QO.16"]
[Time "17:31:24"]
[PlyCount "65"]
[TimeControl "1500+5"]

1. d4 d5 2. c4 e6 3. Nc3 Nf6 4. cxd5 exd5 5. Bg5 Nbd7 6. Nf3 c6 7. e3 Be7
8. Bd3 O-O 9. Qc2 h6 10. Bf4 Bb4 11. h3 Qa5 12. O-O Bxc3 13. bxc3 b5 14. a4
b4 15. cxb4 Qxb4 16. Rfb1 Qa5 17. Qxc6 Re8 18. Qxa8 Ba6 19. Qxa7 g5 20. Bg3
Qc3 21. Qxa6 Ne4 22. Bxe4 dxe4 23. Ne5 Nxe5 24. Bxe5 h5 25. Qh6 Rxe5 26.
dxe5 Qxe5 27. a5 g4 28. hxg4 hxg4 29. a6 g3 30. fxg3 Qxg3 31. a7 Qd6 32.
Rb8+ Qxb8 33. axb8=Q# { Black checkmated } 1-0

[Event "ICC tourney 2556 (25 5)"]
[Site "Internet Chess Club"]
[Date "2021.05.09"]
[Round "8"]
[White "KAGGUNDI RAVISHA, MANASWINI:K05-30132763"]
[Black "RAJESH, DHRUV:K05-17236526"]
[Result "0-1"]
[ICCResult "White checkmated"]
[WhiteElo "643"]
[BlackElo "910"]
[Opening "Giuoco Piano: close variation"]
[ECO "C53"]
[NIC "IG.02"]
[Time "17:30:59"]
[PlyCount "96"]
[TimeControl "1500+5"]

1. e4 e5 2. Nf3 Nc6 3. Bc4 Bc5 4. c3 Qe7 5. d4 exd4 6. cxd4 Qxe4+ 7. Be3
Bb4+ 8. Nc3 Bxc3+ 9. bxc3 d5 10. Bb5 Ne7 11. O-O O-O 12. Bd3 Qe6 13. Ng5
Qd6 14. Qh5 h6 15. Bh7+ Kh8 16. Rfe1 g6 17. Qxh6 Nf5 18. Qh3 Kg7 19. g4
Nxe3 20. Rxe3 Qf4 21. Qh4 Qxg4+ 22. Qxg4 Bxg4 23. Rae1 Rh8 24. c4 dxc4 25.
d5 Nd4 26. Kg2 Rxh7 27. Nxh7 Kxh7 28. Re7 Bf3+ 29. Kh3 Kg7 30. Rxc7 Rh8+
31. Kg3 Bxd5 32. Rd1 Ne2+ 33. Kg4 Bc6 34. Rd2 Nc3 35. Re7 Rxh2 36. Rc2 Rg2+
37. Kh3 Nb5 38. Rxc4 Rxf2 39. a4 Rf3+ 40. Kg4 Nd6 41. Rb4 Kf6 42. Re1 Kg7
43. a5 f5+ 44. Kh4 a6 45. Re7+ Kf6 46. Rc7 g5+ 47. Kh5 Rh3+ 48. Rh4 Rxh4# {
White checkmated } 0-1

[Event "ICC tourney 2556 (25 5)"]
[Site "Internet Chess Club"]
[Date "2021.05.09"]
[Round "8"]
[White "KANCHERLA, ROHAN:K05-16710337"]
[Black "GANESH IYER, ARJUN:K05-17350382"]
[Result "1-0"]
[ICCResult "Black checkmated"]
[WhiteElo "944"]
[BlackElo "580"]
[Opening "KP: Patzer opening"]
[ECO "C20"]
[NIC "KP.10"]
[Time "17:33:00"]
[PlyCount "141"]
[TimeControl "1500+5"]

1. e4 e5 2. Qh5 Nc6 3. Bc4 g6 4. Qf3 Nf6 5. Nc3 Bc5 6. Qd1 d6 7. h3 Qe7 8.
Nd5 Nxd5 9. Bxd5 Bd7 10. Nf3 O-O-O 11. d3 Nb4 12. Bg5 f6 13. Bd2 Nxd5 14.
exd5 Be8 15. O-O Bf7 16. c4 g5 17. Qb3 Kb8 18. a4 a6 19. Bb4 Bb6 20. a5 Bc5
21. Rfe1 Bxb4 22. Qxb4 h5 23. d4 g4 24. hxg4 hxg4 25. Nh2 Bg6 26. Ra3 Qh7
27. f3 gxf3 28. Nxf3 e4 29. Rb3 Kc8 30. Qxb7+ Kd7 31. Qc6+ Ke7 32. Qxc7+
Rd7 33. Qc6 Rhd8 34. Rb7 Rxb7 35. Qxb7+ Rd7 36. Qxa6 Kf7 37. Nh2 Bf5 38.
Qc6 Qh4 39. a6 Qxe1+ 40. Nf1 Qa5 41. Ne3 Ra7 42. Nxf5 Qxa6 43. Nxd6+ Kf8
44. Qe8+ Kg7 45. Nf5+ Kh7 46. Qh5+ Kg8 47. Qe8+ Kh7 48. Qh5+ Kg8 49. Qg6+
Kf8 50. Qh6+ Ke8 51. Qh8+ Kd7 52. Qg7+ Kc8 53. Nd6+ Qxd6 54. Qxa7 Qf4 55.
Qa8+ Kd7 56. Qc6+ Ke7 57. Qe6+ Kf8 58. d6 Kg7 59. d7 Qc7 60. Qe7+ Kg6 61.
d8=Q Qxd8 62. Qxd8 Kf5 63. Qd5+ Kf4 64. c5 e3 65. Qf3+ Kg5 66. Qxe3+ Kh4
67. c6 Kg4 68. c7 Kh4 69. c8=Q f5 70. Qg8 f4 71. Qh3# { Black checkmated }
1-0

[Event "ICC tourney 2556 (25 5)"]
[Site "Internet Chess Club"]
[Date "2021.05.09"]
[Round "8"]
[White "BABLANI, ARNAV:K05-16018565"]
[Black "NATHA, NIRAV:K05-15969775"]
[Result "0-1"]
[ICCResult "White checkmated"]
[WhiteElo "909"]
[BlackElo "1463"]
[Opening "Pirc: classical (two knights) system"]
[ECO "B08"]
[NIC "PU.10"]
[Time "17:31:05"]
[PlyCount "88"]
[TimeControl "1500+5"]

1. e4 d6 2. d4 Nf6 3. Nc3 g6 4. Nf3 Bg7 5. Bg5 O-O 6. Qd2 c6 7. Bh6 b5 8.
Bxg7 Kxg7 9. Bd3 h5 10. O-O Bg4 11. e5 dxe5 12. dxe5 Nfd7 13. Rae1 Bxf3 14.
gxf3 Nc5 15. Kh1 Nxd3 16. cxd3 e6 17. Rg1 Na6 18. Ne4 Nc7 19. Ng3 Rh8 20.
Ne4 Nd5 21. Rc1 Qd7 22. Qg5 Rac8 23. Ng3 Kf8 24. Nxh5 Rxh5 25. Qg4 Qe7 26.
Rg3 Qh4 27. Qxh4 Rxh4 28. Rcg1 Nf4 29. Rd1 Ke7 30. d4 Rch8 31. Kg1 Ne2+ 32.
Kf1 Nxg3+ 33. fxg3 Rxh2 34. Ke1 Rxb2 35. Rd2 Rh1+ 36. Ke2 Rh2+ 37. Ke3
Rbxd2 38. Kf4 Rxd4+ 39. Ke3 Rhd2 40. f4 R4d3+ 41. Ke4 Rxg3 42. f5 Rc2 43.
f6+ Ke8 44. a4 Rc4# { White checkmated } 0-1

[Event "ICC tourney 2556 (25 5)"]
[Site "Internet Chess Club"]
[Date "2021.05.09"]
[Round "8"]
[White "RAJ ALAGUMALAI, GAUTHAM:K05-17028646"]
[Black "HU, ANDREW:K05-30094774"]
[Result "0-1"]
[ICCResult "White resigns"]
[WhiteElo "890"]
[BlackElo "1135"]
[Opening "Sicilian defense"]
[ECO "B30"]
[NIC "SI.31"]
[Time "17:30:48"]
[PlyCount "58"]
[TimeControl "1500+5"]

1. e4 c5 2. Nf3 Nc6 3. Bc4 e6 4. Nc3 a6 5. a4 Nf6 6. d3 d5 7. exd5 exd5 8.
Qe2+ Be7 9. Bb3 O-O 10. Bg5 Re8 11. O-O d4 12. Bxf6 Bxf6 13. Ne4 Bg4 14. h3
Bh5 15. c4 dxc3 16. bxc3 Bxc3 17. Rac1 Nd4 18. Bxf7+ Bxf7 19. Nxd4 Bxd4 20.
Rc4 Bxc4 21. dxc4 Qe7 22. Re1 Qf7 23. Nd6 Rxe2 24. Nxf7 Rxe1+ 25. Kh2 Kxf7
26. g3 Bxf2 27. Kg2 Bxg3 28. Kxg3 Re4 29. Kf3 Rxc4 { White resigns } 0-1

[Event "ICC tourney 2556 (25 5)"]
[Site "Internet Chess Club"]
[Date "2021.05.09"]
[Round "8"]
[White "S MORGAN, LAKSHMI:K05-16867525"]
[Black "LIN, JULIAN:K05-15856697"]
[Result "0-1"]
[ICCResult "White resigns"]
[WhiteElo "1108"]
[BlackElo "1648"]
[Opening "French: Steinitz variation"]
[ECO "C11"]
[NIC "FR.04"]
[Time "17:30:53"]
[PlyCount "80"]
[TimeControl "1500+5"]

1. e4 e6 2. d4 d5 3. Nc3 Nf6 4. e5 Nfd7 5. Bd3 c5 6. dxc5 Nxe5 7. b4 a5 8.
Ba3 axb4 9. Bxb4 Nbc6 10. a3 b6 11. Nce2 bxc5 12. Bc3 d4 13. Bd2 Bb7 14.
Nh3 Nxd3+ 15. cxd3 Ne5 16. Bf4 Ng6 17. O-O Qd5 18. f3 e5 19. Bg3 Bd6 20.
Nf2 f5 21. h3 O-O 22. Re1 f4 23. Bh2 Be7 24. Ne4 Bh4 25. Rf1 Ne7 26. Qc2
Rac8 27. Rac1 Nf5 28. Qd2 Ne3 29. Rb1 c4 30. dxc4 Rxc4 31. Rfc1 Rfc8 32.
Kh1 Rxc1+ 33. Rxc1 Rxc1+ 34. Qxc1 Qc4 35. Qb2 Bxe4 36. fxe4 Qc7 37. Qb3+
Kf8 38. Qb4+ Be7 39. Qa4 d3 40. Qa8+ Qd8 { White resigns } 0-1

[Event "ICC tourney 2556 (25 5)"]
[Site "Internet Chess Club"]
[Date "2021.05.09"]
[Round "8"]
[White "KURUP, SIDDHARTH:K05-16282415"]
[Black "WESTOVER, CHARLOTTE:K05-16380250"]
[Result "1-0"]
[ICCResult "Black checkmated"]
[WhiteElo "1548"]
[BlackElo "1143"]
[Opening "King's Indian: Sämisch, 6...Nc6"]
[ECO "E83"]
[NIC "KI.36"]
[Time "17:30:11"]
[PlyCount "59"]
[TimeControl "1500+5"]

1. d4 Nf6 2. c4 g6 3. Nc3 Bg7 4. e4 d6 5. f3 O-O 6. Be3 Nc6 7. Qd2 Bd7 8.
O-O-O e5 9. d5 Nb4 10. g4 Qe8 11. b3 a5 12. a4 Qe7 13. h4 Rfd8 14. h5 c6
15. Bh6 b5 16. dxc6 Bxc6 17. cxb5 Bb7 18. Bxg7 Kxg7 19. hxg6 fxg6 20. Qh6+
Kg8 21. Bc4+ Kh8 22. Qxg6 Qg7 23. Qxg7+ Kxg7 24. Nge2 Rd7 25. Ng3 Rad8 26.
Nf5+ Kg6 27. Rh6+ Kg5 28. Ne2 Rc7 29. Ng1 Bc8 30. Nh3# { Black checkmated }
1-0

[Event "ICC tourney 2556 (25 5)"]
[Site "Internet Chess Club"]
[Date "2021.05.09"]
[Round "8"]
[White "HUANG WANG, WILLIAM:K05-16426896"]
[Black "SUN, EVAN:K05-17182225"]
[Result "0-1"]
[ICCResult "White resigns"]
[WhiteElo "1554"]
[BlackElo "1011"]
[Opening "Queen's pawn: Charlick (Englund) gambit"]
[ECO "A40"]
[NIC "QO.17"]
[Time "17:30:44"]
[PlyCount "77"]
[TimeControl "1500+5"]

1. d4 e5 2. dxe5 Nc6 3. Nf3 Qe7 4. Bf4 Qb4+ 5. Bd2 Qxb2 6. Bc3 Bb4 7. Bxb4
Nxb4 8. Na3 Qxa3 9. e3 Qc3+ 10. Qd2 Qxa1+ 11. Ke2 Qxa2 12. Qxb4 Qxc2+ 13.
Qd2 Qxd2+ 14. Nxd2 Ne7 15. g3 Nc6 16. Bg2 Nxe5 17. Rc1 Nc6 18. f4 a5 19.
Nc4 a4 20. Ra1 O-O 21. Na3 Re8 22. e4 Nd4+ 23. Ke3 Nb3 24. Ra2 c6 25. Kd3
Nc1+ 26. Kc2 Nxa2 27. Kb2 Nb4 28. Kc3 Na2+ 29. Kb2 b5 30. e5 b4 31. Nc2 b3
32. Na3 Nb4 33. Bf1 Ba6 34. Bxa6 Rxa6 35. Nc4 Nd3+ 36. Kb1 a3 37. Ka1 b2+
38. Ka2 Rb8 39. Nb6 { White resigns } 0-1

[Event "ICC tourney 2556 (25 5)"]
[Site "Internet Chess Club"]
[Date "2021.05.09"]
[Round "8"]
[White "LINGISHETTY, ISHAAN:K05-16449486"]
[Black "WANG, ETHAN:K05-15914623"]
[Result "0-1"]
[ICCResult "White checkmated"]
[WhiteElo "1019"]
[BlackElo "1409"]
[Opening "Sicilian: Kan variation"]
[ECO "B41"]
[NIC "SI.41"]
[Time "17:30:06"]
[PlyCount "128"]
[TimeControl "1500+5"]

1. e4 c5 2. Nf3 e6 3. d4 cxd4 4. Nxd4 a6 5. a4 Qc7 6. Nc3 Nf6 7. Bc4 Qxc4
8. Qd3 Qxd3 9. cxd3 Bc5 10. Nf3 b6 11. d4 Be7 12. e5 Ng8 13. O-O Bb7 14.
Nd2 Nh6 15. Nc4 O-O 16. Nxb6 Ra7 17. Nc4 Nf5 18. Rd1 Nc6 19. d5 exd5 20.
Nxd5 Bc5 21. Nf4 Bc8 22. Be3 Nxe3 23. fxe3 Re8 24. Rd5 Be7 25. Rad1 f6 26.
b3 Rb7 27. Rb1 Nb4 28. Rd4 fxe5 29. Nxe5 Bf6 30. Kf2 Rxe5 31. Rc1 Rb8 32.
Rdc4 Nc6 33. g3 Bb7 34. Rd1 Re7 35. Nd5 Rf7 36. Ke2 Ne5 37. Rc5 Bxd5 38.
Rcxd5 Rxb3 39. h4 Ng4 40. Kf3 Nxe3 41. Ke2 Nxd5 42. Rxd5 Rb2+ 43. Kd3 Rb3+
44. Kc2 Rxg3 45. a5 Bxh4 46. Rd2 Rgf3 47. Kc1 Rf1+ 48. Kc2 R7f2 49. Rxf2
Rxf2+ 50. Kc3 Ra2 51. Kb4 Rxa5 52. Kxa5 g5 53. Kxa6 g4 54. Kb7 g3 55. Kc7
g2 56. Kxd7 g1=Q 57. Kc6 Qd1 58. Kb7 Qc2 59. Ka6 Qb3 60. Ka7 Kf7 61. Ka6
Ke6 62. Ka7 Kd6 63. Ka6 Kc6 64. Ka7 Qb7# { White checkmated } 0-1

[Event "ICC tourney 2556 (25 5)"]
[Site "Internet Chess Club"]
[Date "2021.05.09"]
[Round "8"]
[White "BHATT, DEV:K05-16675618"]
[Black "SANDY, ADRIAN:K05-16647505"]
[Result "0-1"]
[ICCResult "White checkmated"]
[WhiteElo "883"]
[BlackElo "384"]
[Opening "Four knights: Scotch variation"]
[ECO "C47"]
[NIC "QP.11"]
[Time "17:30:41"]
[PlyCount "116"]
[TimeControl "1500+5"]

1. Nf3 Nc6 2. Nc3 Nf6 3. e4 e5 4. d4 d6 5. d5 Nb4 6. a3 Na6 7. Bg5 Be7 8.
Bb5+ Bd7 9. Bxd7+ Qxd7 10. O-O O-O 11. Qd3 Qg4 12. h3 Qh5 13. Rad1 Nxd5 14.
Bxe7 Nxe7 15. Qe3 Qh6 16. Qxh6 gxh6 17. Nd5 Nxd5 18. exd5 Nc5 19. Rfe1 Na4
20. Rb1 f6 21. b3 Nc3 22. Rb2 Nxd5 23. c4 Nf4 24. Rd2 Kf7 25. Kh2 Rg8 26.
g3 Ne6 27. b4 Rad8 28. c5 dxc5 29. Rxd8 Rxd8 30. bxc5 Nxc5 31. Rc1 Ne6 32.
Rb1 b6 33. a4 a5 34. Ne1 e4 35. Nc2 Rd2 36. Rc1 Rxf2+ 37. Kg1 Rf3 38. Kg2
Rc3 39. Kf2 Nd4 40. Nxd4 Rxc1 41. Nf5 h5 42. Ke3 Rc4 43. Nh6+ Kg6 44. Ng8
Rxa4 45. Ne7+ Kf7 46. Nc8 Ra3+ 47. Kxe4 Rxg3 48. Na7 Rxh3 49. Nb5 Rh4+ 50.
Kf3 a4 51. Nxc7 a3 52. Kg3 Rg4+ 53. Kf3 a2 54. Nd5 a1=Q 55. Nxb6 Qa3+ 56.
Ke2 Rg2+ 57. Kf1 Rb2 58. Nc4 Qa1# { White checkmated } 0-1

[Event "ICC tourney 2556 (25 5)"]
[Site "Internet Chess Club"]
[Date "2021.05.09"]
[Round "8"]
[White "D BEAR, NICHOLAS:K05-16056078"]
[Black "XIA, CHENXIANG:K05-16930170"]
[Result "0-1"]
[ICCResult "White checkmated"]
[WhiteElo "1706"]
[BlackElo "1084"]
[Opening "Queen's pawn: London system"]
[ECO "A45"]
[NIC "QP.07"]
[Time "17:30:33"]
[PlyCount "138"]
[TimeControl "1500+5"]

1. d4 Nf6 2. Bf4 g6 3. Nc3 d5 4. e3 Bg7 5. h4 O-O 6. h5 Bf5 7. h6 Bh8 8.
Qd2 Nc6 9. a3 Ne4 10. Nxe4 dxe4 11. O-O-O e5 12. dxe5 Qxd2+ 13. Rxd2 Rfd8
14. Bc4 Rxd2 15. Kxd2 Nxe5 16. Bb3 Ng4 17. f3 exf3 18. gxf3 Ne5 19. e4 Be6
20. Bxe6 fxe6 21. Bxe5 Bxe5 22. c3 Bf4+ 23. Kc2 Rd8 24. Rh4 e5 25. Rh1 Rd2+
26. Kb3 Rd1 27. Kc2 Rf1 28. Kd3 c6 29. c4 Rb1 30. Kc2 Re1 31. Kd3 Be3 32.
Ne2 Rxh1 33. Kxe3 Rxh6 34. Nc1 Kf7 35. Nd3 Kf6 36. Nf2 Rh4 37. Nd3 Rh2 38.
Nf2 h5 39. Ke2 Ke6 40. Kf1 Rh4 41. Nd3 Rh2 42. Nf2 Rh4 43. b4 Rf4 44. Kg2
Rf7 45. Nd3 b6 46. c5 Rd7 47. Nf2 Rd2 48. Kf1 Ra2 49. cxb6 axb6 50. Nd1
Rxa3 51. Nb2 Rxf3+ 52. Ke2 Rb3 53. Nd3 h4 54. Nf2 h3 55. Nh1 Rxb4 56. Kf2
Rb1 57. Kg3 Rxh1 58. Kh4 b5 59. Kg3 b4 60. Kg4 b3 61. Kg3 b2 62. Kg4 b1=Q
63. Kg5 Qxe4 64. Kh6 Qh4+ 65. Kg7 Qf6+ 66. Kh7 Qg5 67. Kh8 Qe7 68. Kg8 Ra1
69. Kh8 Ra8# { White checkmated } 0-1

[Event "ICC tourney 2556 (25 5)"]
[Site "Internet Chess Club"]
[Date "2021.05.09"]
[Round "8"]
[White "YAO, HANCHI:K05-16512998"]
[Black "CHANG LIU, ERIC:K05-16650666"]
[Result "0-1"]
[ICCResult "White resigns"]
[WhiteElo "1636"]
[BlackElo "2046"]
[Opening "Dutch defense, Rubinstein variation"]
[ECO "A40"]
[NIC "QO.17"]
[Time "17:30:48"]
[PlyCount "66"]
[TimeControl "1500+5"]

1. d4 e6 2. c4 f5 3. Nc3 Nf6 4. Nf3 Bb4 5. e3 b6 6. Be2 Bb7 7. O-O Bxc3 8.
bxc3 O-O 9. Rb1 Ne4 10. Qc2 c5 11. Ba3 d6 12. Rfd1 Qc7 13. d5 Qe7 14. Nd2
Nxd2 15. Qxd2 e5 16. Rf1 Nd7 17. Rbe1 e4 18. Bc1 Ne5 19. a4 a5 20. h3 Ba6
21. Qa2 Qg5 22. f4 exf3 23. Bxf3 Bxc4 24. Qf2 Bxf1 25. Rxf1 Nd3 26. Qd2
Nxc1 27. Rxc1 Rfe8 28. Re1 Re7 29. c4 Rae8 30. Kf2 Qh4+ 31. g3 Qxc4 32. Rb1
Rxe3 33. Qxe3 Qc2+ { White resigns } 0-1